Map: Jagannatha LE

Players

TLO - Winner!

  • Race: Zerg Zerg
  • League: Master
  • Spawn Location: 1:00

Asuna

  • Race: Protoss Protoss
  • League: Master
  • Spawn Location: 7:00

Event: DreamHack SC2 Masters 2020 Winter

VOD

Have the link to the VOD?

Description

Time

  • Played on: Oct. 29, 2020, 7:34 p.m.
  • Length: 13:43

All games in this series

Show
View Real Time Build Order
Export as new Build Order

TLO Zerg - Winner!

Build Orders: Hatch First, Muta Ling Bane 

Get SALT Encoding   

  12  0:01  Drone  
  13  0:13  Overlord  
  13  0:16  Drone  
  14  0:31  Drone x2  
  16  0:43  Drone  
  17  0:52  Hatchery  
  17  0:56  Drone  
  17  0:59  Drone  
  18  1:05  Extractor  
  17  1:16  Spawning Pool  
  17  1:18  Drone  
  17  1:22  Drone  
  18  1:29  Drone  
  19  1:39  Drone  
  20  1:49  Overlord  
  20  2:03  Queen  
  20  2:04  Metabolic Boost  
  20  2:05  Zergling x2  
  23  2:09  Queen  
  23  2:13  Zergling x2  
  26  2:18  Drone x2  
  28  2:23  Zergling x2  
  28  2:27  Drone  
  30  2:42  Hatchery  
  30  2:43  Drone  
  30  2:49  Overlord  
  30  2:51  Drone  
  30  2:54  Drone  
  30  2:56  Drone  
  33  2:59  Drone  
  33  3:07  Overlord  
  33  3:09  Drone  
  34  3:13  Queen  
  34  3:14  Drone  
  34  3:18  Zergling x2  
  34  3:19  Zergling x2  
  39  3:22  Drone  
  40  3:27  Queen  
  40  3:30  Drone  
  43  3:35  Drone x2, Spore Crawler  
  43  3:39  Spore Crawler  
  43  3:47  Drone x2  
  45  3:52  Drone  
  45  3:55  Drone  
  49  3:57  Drone  
  49  3:58  Drone x2  
  49  3:59  Spore Crawler  
  49  4:00  Drone  
  50  4:04  Drone  
  50  4:06  Drone  
  50  4:07  Drone  
  53  4:10  Queen  
  53  4:15  Overlord  
  55  4:18  Drone  
  55  4:21  Drone  
  55  4:22  Evolution Chamber  
  55  4:25  Drone  
  55  4:27  Drone  
  55  4:30  Overlord  
  57  4:33  Drone  
  57  4:34  Drone x2  
  57  4:35  Baneling Nest  
  57  4:37  Drone  
  60  4:38  Drone  
  60  4:39  Drone  
  60  4:42  Drone x2  
  60  4:44  Drone  
  65  4:47  Drone  
  65  4:51  Zerg Melee Weapons Level 1  
  65  4:54  Drone  
  65  4:57  Drone x2  
  68  5:02  Extractor  
  68  5:03  Hatchery, Zergling x2  
  68  5:06  Zergling x2  
  68  5:07  Drone, Spore Crawler  
  69  5:08  Drone  
  69  5:10  Overlord  
  69  5:12  Zergling x2  
  70  5:15  Zergling x4  
  70  5:17  Queen  
  74  5:24  Overlord  
  74  5:28  Overlord  
  74  5:29  Drone  
  74  5:30  Spore Crawler  
  74  5:31  Overlord  
  74  5:34  Overlord  
  75  5:35  Zergling x2  
  75  5:39  Overlord  
  75  5:42  Drone  
  74  5:44  Drone  
  74  5:45  Drone  
  74  5:46  Drone x2  
  74  5:49  Lair  
  78  5:51  Extractor x2  
  78  5:52  Drone, Extractor  
  78  5:54  Extractor  
  74  5:57  Drone x5  
  74  6:00  Drone x3  
  74  6:01  Drone  
  83  6:05  Queen  
  83  6:07  Drone  
  83  6:08  Drone x2  
  83  6:09  Overlord  
  85  6:12  Drone  
  85  6:16  Drone x2  
  85  6:17  Drone  
  87  6:21  Queen  
  87  6:22  Drone  
  87  6:23  Drone x3  
  93  6:27  Drone  
  93  6:28  Zergling x2  
  93  6:29  Zergling x4  
  93  6:31  Extractor, Zergling x2  
  93  6:32  Zergling x2  
  98  6:36  Extractor  
  98  6:37  Spore Crawler  
  98  6:38  Zergling x2  
  97  6:40  Drone, Overlord  
  97  6:46  Zergling x4  
  100  6:48  Zerg Melee Weapons Level 2, Centrifical Hooks  
  100  6:55  Spire, Zergling x4  
  100  6:56  Baneling x4  
  100  6:57  Zergling x2  
  100  6:59  Zergling x2  
  103  7:01  Drone  
  103  7:02  Zergling x2  
  103  7:03  Zergling x4  
  103  7:04  Overlord  
  107  7:13  Drone x2  
  107  7:14  Hydralisk Den, Zergling x2, Overlord  
  107  7:15  Zergling x2  
  110  7:16  Zergling x2  
  110  7:17  Zergling x2  
  112  7:31  Drone  
  113  7:37  Baneling x3  
  113  7:38  Baneling  
  113  7:39  Baneling  
  113  7:40  Baneling x2  
  113  7:48  Grooved Spines  
  111  7:59  Hydralisk x2  
  111  8:01  Hydralisk x4  
  111  8:03  Hydralisk  
  116  8:10  Mutalisk, Zerg Flyer Weapons Level 1  
  116  8:11  Mutalisk x9  
  134  8:15  Mutalisk  
  125  8:20  Zergling x2  
  125  8:21  Mutalisk  
  125  8:23  Mutalisk  
  125  8:25  Drone  
  125  8:26  Hydralisk  
  133  8:27  Zergling x2  
  133  8:28  Zergling x6  
  133  8:29  Zergling x2  
  133  8:34  Hatchery, Zergling x6  
  139  8:35  Zergling x8  
  139  8:39  Zergling x2  
  139  8:40  Baneling x2, Zergling x4  
  139  8:41  Zergling x2  
  148  8:43  Hydralisk x2  
  152  8:53  Overlord x2  
  152  9:00  Muscular Augments, Overlord  
  152  9:02  Baneling x10  
  152  9:03  Pneumatized Carapace, Overlord  
  152  9:04  Zerg Missile Weapons Level 1, Overseer  
  152  9:06  Overlord  
  151  9:12  Hydralisk x2  
  151  9:13  Hydralisk x2  
  151  9:16  Drone, Hydralisk  
  160  9:18  Hydralisk x2  
  160  9:21  Hydralisk  
  160  9:22  Hydralisk  
  163  9:25  Hydralisk  
  163  9:27  Zergling x4  
  163  9:29  Hydralisk  
  161  9:31  Hydralisk  
  161  9:32  Hydralisk  
  161  9:33  Zergling x2  
  161  9:37  Zergling x2  
  163  9:41  Zergling x2  
  163  9:43  Zergling x2  
  163  9:44  Zergling x2  
  163  9:45  Zergling x2  
  167  9:46  Zergling x4  
  167  9:47  Zergling x2  
  170  9:56  Drone x13, Infestation Pit  
  182  10:03  Zergling x4  
  182  10:04  Zergling x2  
  185  10:07  Zerg Flyer Armor Level 1  
  185  10:11  Zergling x2  
  186  10:18  Zergling x2  
  186  10:19  Zergling x2  
  186  10:20  Zergling x2  
  185  10:22  Zergling x2  
  185  10:23  Zergling x4  
  185  10:25  Zergling x2  
  185  10:26  Zergling x6  
  185  10:27  Zergling x2  
  185  10:28  Zergling x2  
  184  10:33  Zergling x22  
  184  10:34  Baneling x5  
  184  10:35  Baneling  
  173  10:38  Hive  
  173  10:39  Zergling x4  
  173  10:40  Zergling x4  
  171  10:43  Zergling x2  
  171  10:47  Spore Crawler  
  171  10:49  Hydralisk x6  
  173  10:51  Baneling x5  
  173  10:52  Baneling  
  173  10:53  Baneling x3  
  173  10:55  Zergling x4  
  173  10:56  Zergling x2  
  181  10:57  Zergling x2  
  181  10:59  Baneling x7  
  181  11:04  Zergling x4  
  181  11:05  Zergling x4  
  181  11:06  Hydralisk  
  181  11:07  Hydralisk  
  181  11:08  Hydralisk x2  
  181  11:10  Hydralisk  
  161  11:13  Zergling x2  
  161  11:14  Zergling x2  
  161  11:15  Zergling x4  
  161  11:16  Zergling x2  
  161  11:18  Zergling x4  
  152  11:19  Zergling x2  
  152  11:20  Hydralisk x2  
  152  11:22  Zergling x2, Hydralisk  
  152  11:23  Zergling x2  
  155  11:26  Pathogen Glands  
  155  11:28  Drone  
  155  11:29  Zergling x2  
  155  11:30  Spore Crawler, Zergling x2  
  155  11:32  Baneling x6  
  157  11:33  Baneling  
  157  11:39  Hydralisk  
  154  11:40  Hydralisk x3  
  154  11:42  Zergling x2  
  154  11:43  Hydralisk  
  154  11:44  Zergling x2, Hydralisk  
  165  11:50  Zergling x2, Overlord  
  165  11:52  Extractor x2  
  164  11:54  Baneling x2, Overlord  
  164  11:55  Zergling x4  
  164  11:58  Overlord  
  166  12:03  Hydralisk  
  166  12:05  Zergling x2, Hydralisk  
  166  12:07  Zergling x4  
  165  12:09  Zergling x2  
  165  12:10  Zergling x2  
  165  12:11  Zergling x2  
  165  12:12  Zergling x2  
  165  12:13  Zergling x4  
  165  12:14  Zergling x2  
  159  12:16  Hydralisk  
  159  12:17  Hydralisk x2  
  159  12:19  Hydralisk x2  
  159  12:21  Hydralisk  
  159  12:22  Hydralisk x2  
  155  12:23  Zergling x2, Hydralisk  
  155  12:24  Hydralisk  
  155  12:26  Zergling x2  
  155  12:27  Zergling x4  
  155  12:28  Zergling x2  
  155  12:31  Drone  
  154  12:37  Corruptor  
  154  12:38  Corruptor  
  154  12:39  Baneling x4  
  154  12:42  Hydralisk  
  160  12:46  Viper  
  160  12:48  Viper  
  166  12:53  Baneling x7  
  166  12:57  Baneling x2, Zergling x2  
  165  12:59  Zergling x2  
  165  13:00  Zergling x2  
  165  13:01  Zergling x2, Overlord  
  165  13:03  Zergling x2  
  165  13:04  Overlord  
  169  13:06  Zergling x4  
  169  13:07  Zergling x2  
  169  13:08  Zergling x2  
  169  13:09  Overlord  
  169  13:11  Overlord  
  169  13:12  Zergling x2  
  174  13:15  Zergling x2  
  167  13:21  Zergling x2  
  167  13:22  Zergling x2  
  167  13:23  Zergling x4  
  167  13:25  Zergling x2  
  167  13:26  Zergling x2  
Show
View Real Time Build Order
Export as new Build Order

Asuna Protoss 

Build Orders: 1 Gate Expand, Oracle Opening 

Get SALT Encoding   

  12  0:00  Probe  
  13  0:13  Pylon  
  13  0:17  Probe  
  14  0:30  Probe (Chrono Boost)  
  15  0:36  Gateway  
  15  0:42  Probe (Chrono Boost)  
  16  0:48  Probe (Chrono Boost)  
  17  0:50  Assimilator  
  17  0:56  Probe  
  18  1:08  Probe  
  19  1:20  Probe  
  20  1:29  Nexus  
  20  1:39  Cybernetics Core  
  20  1:42  Probe  
  21  1:49  Assimilator  
  22  1:54  Probe  
  22  1:57  Pylon  
  22  2:06  Probe  
  23  2:12  Adept (Chrono Boost)  
  25  2:19  Probe  
  25  2:22  Stargate  
  26  2:29  Warp Gate  
  26  2:32  Probe  
  26  2:33  Adept (Chrono Boost)  
  29  2:41  Probe  
  30  2:48  Probe  
  31  2:54  Probe  
  32  3:05  Oracle (Chrono Boost)  
  31  3:06  Probe  
  31  3:11  Probe  
  31  3:12  Adept  
  38  3:14  Pylon  
  38  3:20  Gateway  
  38  3:24  Probe  
  38  3:25  Probe  
  40  3:27  Void Ray (Chrono Boost)  
  40  3:36  Probe  
  40  3:39  Probe  
  46  3:44  Pylon  
  46  3:48  Probe  
  47  3:49  Adept  
  47  3:52  Probe  
  50  4:00  Probe  
  51  4:02  Pylon  
  51  4:14  Nexus, Void Ray  
  55  4:25  Probe x2  
  55  4:28  Assimilator  
  57  4:32  Assimilator  
  57  4:37  Adept  
  57  4:38  Adept  
  61  4:39  Probe (Chrono Boost)  
  61  4:40  Probe (Chrono Boost)  
  63  4:51  Probe (Chrono Boost)  
  63  4:52  Stargate, Probe (Chrono Boost)  
  65  4:55  Shield Battery  
  65  4:57  Probe (Chrono Boost)  
  66  5:02  Probe  
  66  5:05  Probe  
  68  5:13  Pylon  
  68  5:14  Probe  
  68  5:17  Probe  
  68  5:20  Void Ray (Chrono Boost)  
  70  5:24  Pylon  
  70  5:26  Probe x2  
  76  5:29  Probe  
  77  5:38  Twilight Council  
  77  5:39  Forge  
  75  5:43  Probe x2  
  75  5:44  Probe  
  75  5:47  Void Ray (Chrono Boost)  
  74  5:55  Zealot, Probe, Void Ray (Chrono Boost)  
  74  5:56  Zealot, Probe x2  
  85  6:04  Pylon  
  85  6:07  Probe  
  85  6:08  Probe x2  
  88  6:12  Void Ray (Chrono Boost)  
  92  6:19  Probe  
  92  6:20  Probe x2  
  92  6:21  Assimilator  
  92  6:22  Protoss Ground Weapons Level 1 (Chrono Boost)  
  92  6:24  Assimilator  
  95  6:29  Templar Archives  
  95  6:31  Probe  
  95  6:32  Probe  
  97  6:39  Charge (Chrono Boost), Gateway  
  97  6:40  Gateway  
  97  6:41  Photon Cannon  
  97  6:47  Probe x3  
  97  6:49  Void Ray (Chrono Boost)  
  97  6:51  Void Ray (Chrono Boost)  
  108  7:11  Gateway  
  108  7:12  Gateway  
  108  7:14  Gateway  
  108  7:15  Gateway  
  108  7:19  Pylon  
  108  7:20  Psionic Storm  
  108  7:22  Pylon  
  108  7:26  Pylon  
  108  7:37  Gateway  
  108  7:40  High Templar, Pylon  
  108  7:41  High Templar x2  
  108  7:42  Gateway, Zealot  
  116  7:47  Pylon  
  116  7:50  Pylon  
  116  7:54  Pylon  
  116  7:57  Pylon  
  116  8:05  Zealot x2  
  107  8:08  Zealot  
  107  8:09  Zealot  
  107  8:11  Archon  
  104  8:15  Photon Cannon  
  104  8:19  Photon Cannon  
  101  8:21  Probe x3  
  104  8:28  Pylon  
  104  8:30  Nexus  
  104  8:32  Photon Cannon  
  104  8:33  Probe x3  
  104  8:34  Shield Battery  
  107  8:37  Adept  
  107  8:39  High Templar x2  
  113  8:42  High Templar x2  
  113  8:44  High Templar  
  119  8:49  Photon Cannon  
  119  8:54  Probe  
  120  8:57  Probe  
  120  9:02  Protoss Air Weapons Level 1 (Chrono Boost)  
  119  9:11  Shield Battery  
  119  9:13  Stalker  
  119  9:14  Stalker x3  
  122  9:20  Zealot  
  102  9:27  Phoenix  
  102  9:29  Stalker  
  102  9:33  Probe x3  
  102  9:37  Phoenix  
  103  9:44  Probe  
  103  9:45  Probe x2  
  106  9:46  Probe  
  107  9:58  Phoenix (Chrono Boost)  
  108  10:01  Photon Cannon  
  108  10:06  Shield Battery  
  108  10:07  Phoenix (Chrono Boost)  
  107  10:10  Probe  
  107  10:11  Probe x3  
  107  10:12  High Templar  
  107  10:14  High Templar  
  117  10:17  Archon  
  117  10:21  Stalker x2  
  117  10:24  Probe  
  99  10:29  Probe x2  
  99  10:31  Probe  
  96  10:38  High Templar x2  
  100  10:43  Zealot x2  
  104  10:50  Archon  
  104  11:02  Zealot x5  
  99  11:13  Archon x3  
  99  11:16  Probe x2 (Chrono Boost)  
  99  11:17  Probe (Chrono Boost)  
  92  11:20  Probe (Chrono Boost)  
  77  11:26  High Templar  
  77  11:27  High Templar x3  
  77  11:28  Probe x2 (Chrono Boost)  
  77  11:29  Probe (Chrono Boost)  
  77  11:31  Probe (Chrono Boost)  
  89  11:33  Probe x2 (Chrono Boost)  
  91  11:45  Zealot x4  
  97  11:48  High Templar  
  97  11:52  High Templar  
  101  11:56  Probe x3 (Chrono Boost)  
  105  12:01  Zealot  
  105  12:03  Zealot, Probe (Chrono Boost)  
  97  12:08  Zealot  
  78  12:17  Zealot x2  
  78  12:18  Zealot  
  71  12:23  Zealot  
  71  12:28  High Templar x3  
  69  12:33  High Templar  
  71  12:43  High Templar, Zealot x3  
  79  12:49  Zealot  
  79  12:51  Probe (Chrono Boost)  
  84  12:54  Probe (Chrono Boost)  
  84  12:55  Probe (Chrono Boost)  
  84  12:56  Probe (Chrono Boost)  
  85  13:02  Probe (Chrono Boost)  
  85  13:05  Probe x2 (Chrono Boost)  
  89  13:09  Probe (Chrono Boost)  
  89  13:10  Photon Cannon, Probe (Chrono Boost)  
  89  13:12  Probe (Chrono Boost)  
  87  13:23  Photon Cannon  
  82  13:30  Probe x2  
Tags
 
Add a new tag
Caveats
  • Supply blocks, unpowered buildings, or Contaminate may cause inaccurate times.
  • Supply counts are checked every 10 seconds.